 Dungeon Crawl Stone Soup version 0.32-a0-18-g89e19f1974 (webtiles) character file.

Game seed: 10362725286842356508

24698 Aneyh the Severer (level 12, -6/138 HPs)
             Began as a Demonspawn Fighter on Jan 17, 2024.
             Was a Priest of Ru.
             Mangled by an orange demon (9 damage)
             ... on level 14 of the Dungeon.
             The game lasted 00:36:49 (10424 turns).

Aneyh the Severer (Demonspawn Fighter)             Turns: 10424, Time: 00:36:50

Health: -6/138     AC: 17    Str: 30    XL:     12   Next: 83%
Magic:  0/12       EV:  7    Int: 15    God:    Ru [***...]
Gold:   1712       SH:  6    Dex: 21    Spells: 11/11 levels left

rFire   . . .        O - +7 war axe (heavy)
rCold   . . .        c - +0 buckler
rNeg    . . .        P - +1 plate armour "Havuit" {Regen+ Int+7}
rPois   .            (no helmet)
rElec   .            v - +0 cloak
rCorr   .            n - +1 pair of gloves {Stlth+}
SInv    .            (no boots)
Will    .....        W - amulet of guardian spirit Stlth
                     j - +6 ring of strength
HPRegen 1.23/turn    d - +6 ring of dexterity
MPRegen 0.13/turn

%: guardian spirit
@: berserking, lethally poisoned (-6 -> -11), very quick
A: claws 2, icy blue scales 1, frail 1, foul stench 1, icemail 1, no ice magic,
no alchemy magic, no summoning magic, condensation shield, no forms, thin
skeletal structure 1, sense surroundings 1, strong 1
a: Renounce Religion, Draw Out Power


You were on level 14 of the Dungeon.
You worshipped Ru.
Ru was most pleased with you.
You visited 3 branches of the dungeon, and saw 16 of its levels.
You also visited: Sewer and Bailey.

You collected 1712 gold pieces.

Inventory:

Hand Weapons
 k - a +0 heavy battleaxe
 w - a +2 heavy spear
 A - a +6 broad axe
 F - a +0 trident
 L - a +4 vampiric trident
 O - a +7 heavy war axe (weapon)
 T - a +0 shortbow
 U - a +1 vampiric trident
 Z - a +0 war axe of freezing
Missiles
 Q - 6 poisoned darts
Armour
 c - a +0 buckler (worn)
 n - a +1 pair of gloves of stealth (worn)
 v - a +0 cloak (worn)
 z - a +2 troll leather armour {Pargi}
 P - the +1 plate armour "Havuit" (worn) {Regen+ Int+7}
   (You found it on level 12 of the Dungeon)

   Int+7:     It affects your intelligence (+7).
   Regen+:    It increases your rate of health regeneration.
 R - +0 steam dragon scales
 Y - a scarf of invisibility
Magical Staves
 t - a staff of alchemy
Jewellery
 b - a +5 ring of evasion
 d - a +6 ring of dexterity (right hand)
 j - a +6 ring of strength (left hand)
 l - a ring of willpower
 W - an amulet of guardian spirit (around neck)
Wands
 q - a wand of polymorph (15)
 y - a wand of charming (29)
 E - a wand of flame (30)
 N - a wand of iceblast (23)
 V - a wand of light (4)
Scrolls
 a - a scroll of poison
 e - 2 scrolls of vulnerability {unknown}
 i - 8 scrolls of teleportation
 o - 3 scrolls of immolation
 s - 2 scrolls of amnesia
 x - 2 scrolls of fog
 H - 3 scrolls of revelation
 J - a scroll of enchant weapon
 K - a scroll of silence {unknown}
Potions
 f - 4 potions of enlightenment
 g - 2 potions of brilliance
 h - 3 potions of attraction
 m - 9 potions of curing
 p - a potion of resistance {unknown}
 r - 3 potions of mutation
 u - 3 potions of ambrosia
 B - 3 potions of cancellation
 I - a potion of magic
 S - a potion of haste {unknown}
 X - 2 potions of might
Miscellaneous
 C - a condenser vane
 M - a box of beasts (quivered)


   Skills:
 + Level 12.7 Fighting
 + Level 16.3 Axes
 - Level 3.0 Armour
 - Level 3.0 Shields


You had 11 spell levels left.
You didn't know any spells.
Your spell library contained the following spells:

 Spells                   Type           Power      Damage    Failure   Level
 Apportation              Tloc           0%         N/A       98%         1
 Necrotise                Necr           0%         1d4       98%         1
 Jinxbite                 Hex            0%         N/A       99%         2
 Inner Flame              Hex/Fire       0%         N/A       100%        3
 Vampiric Draining        Necr           0%         2d6       100%        3
 Animate Dead             Necr           0%         N/A       100%        4
 Dispel Undead            Necr           0%         3d6       100%        4
 Flame Wave               Conj/Fire      0%         2d4       100%        4
 Borgnjor's Vile Clutch   Necr/Erth      0%         N/A       100%        5
 Curse of Agony           Necr           0%         N/A       100%        5
 Death Channel            Necr           0%         N/A       100%        6
 Borgnjor's Revivificati  Necr           0%         N/A       100%        8
 Death's Door             Necr           0%         N/A       100%        9
 Cigotuvi's Dreadful Rot  Necr/Alch/Air  Unusable   N/A       N/A         2
 Martyr's Knell           Necr/Summ      Unusable   N/A       N/A         4
 Sticky Flame             Fire/Alch      Unusable   2d4       N/A         4
 Alistair's Intoxication  Alch           Unusable   N/A       N/A         5
 Haunt                    Necr/Summ      Unusable   N/A       N/A         7

Dungeon Overview and Level Annotations

Branches:
Dungeon (14/15)            Temple (1/1) D:5            Lair (1/5) D:11
  Sewer (visited)          Bailey (visited)
    Orc: D:9-12      Vaults: D:13-14

Altars:
Ashenzari
Cheibriados
Dithmenos
Fedhas
Gozag
Kikubaaqudgha
Makhleb
Nemelex Xobeh
Okawaru
Qazlal
Ru
Trog
Uskayaw
Vehumet
Yredelemnul
Lugonu

Shops:
D:11 (

Portals:
Abyss: D:4

Annotations:
D:8 Amaemon
D:9 Erica
D:14 Lodul
Temple 2 transporters


Innate Abilities, Weirdness & Mutations

You have very sharp fingernails.
You are partially covered in icy blue scales. (AC +2)
You are frail. (-10% HP)
You may rarely emit foul miasma when damaged in melee.
A meltable icy envelope protects you from harm. (AC +0)
You cannot study or cast Ice magic.
You cannot study or cast Alchemy magic.
You cannot study or cast Summoning magic.
A meltable shield of frost defends you. (SH +0)
You cannot voluntarily change form.
You have a somewhat thin skeletal structure. (Dex +2, Stealth+)
You passively map a small area around you.
Your muscles are strong. (Str +4, Int/Dex -1)


Message History

The ogre is stunned by your conviction and fails to attack.
You feel better. The liquid fire burns you!
* * * LOW HITPOINT WARNING * * *
The orange demon stings you from afar.
* * * LOW HITPOINT WARNING * * *
The orange demon stings you but does no damage.
You block the ogre's attack.
A red film seems to cover your vision as you go berserk!
You feel yourself moving faster!
You feel mighty! The liquid fire burns you!
* * * LOW HITPOINT WARNING * * *
The orange demon barely misses you. The orange demon stings you from afar.
* * * LOW HITPOINT WARNING * * *
An ogre comes into view. It is wielding a +0 giant club.
Lodul says, "All wealth is product of labour."
You slice the ogre!!
You kill the ogre!
The liquid fire burns you!
* * * LOW HITPOINT WARNING * * *
You hear a shout!
You block the orange demon's attack. The orange demon stings you from afar.
* * * LOW HITPOINT WARNING * * *
You are poisoned.
The orange demon poisons you!
An ogre comes into view. It is wielding a +0 giant club.
You shake off some of the fire as you move.
The liquid fire burns you!
* * * LOW HITPOINT WARNING * * *
x2 You feel very sick.
You are too berserk!
Unknown command.
You are too berserk!
You shake off the liquid fire.
You feel a strong urge to attack something.
* * * LOW HITPOINT WARNING * * *
You feel very sick.
The orange demon stings you but does no damage.
The orange demon stings you from afar!
You die...

* , , , , ,, #.*, *
## O# ###♣. O# ,
#....♣⌠ , * #.#§§O4 *
#.#P44♣ * * #.##.)#,
* * , #.#*#@#** #..#
#.###.# , #..#
#.....# * * #..#
#..#### #. #..# #..#
,* #.
#..###..######,*
.#.####..##.........
*
.#.............#####,
, ............#..# *


You could see Lodul, 2 orange demons, a chaos spawn and 2 ogres.

Vanquished Creatures
  Kirke (D:13)
  An orc warlord (Bailey)
  Snorg (D:12)
  A centaur warrior (D:14)
  2 boulder beetles (D:13)
  4 two-headed ogres
  A death yak (D:11)
  A deep elf pyromancer (D:14)
  3 ugly things (D:14)
  3 manticores (D:13)
  3 meliai (D:13)
  A black mamba (Lair:1)
  4 gargoyles
  Maggie (D:9)
  A cane toad (Lair:1)
  An unseen horror (D:12)
  An orange demon (D:8)
  An ice devil (D:14)
  3 trolls
  A hellwing (D:14)
  2 vampires
  3 wyverns
  19 yaks
  5 wraiths
  2 hogs (D:13)
  9 vampire mosquitoes
  2 acid dragons
  2 water moccasins
  A sky beast (D:4)
  9 orc warriors
  Pargi (Sewer)
  An ice beast (D:8)
  3 black bears
  3 ogres
  A centaur (D:6)
  A phantom (D:5)
  2 kobold brigands
  A brain worm (Sewer)
  A gnoll sergeant (D:9)
  5 bullfrogs
  A scorpion (D:3)
  5 wights
  6 killer bees
  3 howler monkeys (D:10)
  3 hounds
  2 bombardier beetles (D:4)
  3 jellies
  3 orc priests
  2 sleepcaps
  2 iguanas
  7 orc wizards
  5 gnolls
  A river rat (D:5)
  6 adders
  3 shadow imps
  A white imp (D:8)
  4 dart slugs
  2 ribbon worms
  41 orcs
  5 ball pythons
  16 bats
  8 endoplasms
  A giant cockroach (D:4)
  24 goblins
  12 hobgoblins
  6 jackals (D:3)
  2 quokkas
  3 frilled lizards (D:2)
  10 kobolds
  6 rats
301 creatures vanquished.

Vanquished Creatures (collateral kills)
  An ugly thing (D:13)
1 creature vanquished.

Vanquished Creatures (others)
  A two-headed ogre (D:11)
  2 humans (D:13)
  An orc wizard (D:13)
  4 orcs (D:13)
  A lurking horror (D:4)
9 creatures vanquished.

Grand Total: 311 creatures vanquished

Notes
Turn   | Place    | Note
-------+----------+-------------------------------------------
     0 | D:1      | Aneyh the Demonspawn Fighter began the quest for the Orb.
     0 | D:1      | Reached XP level 1. HP: 18/18 MP: 1/1
   102 | D:1      | Found a faded altar of an unknown god.
   251 | D:1      | Gained mutation: You are partially covered in icy blue
                  | scales. (AC +2) [demonic ancestry]
   251 | D:1      | Reached XP level 2. HP: 24/24 MP: 2/2
   649 | D:1      | Reached skill level 2 in Axes
  1421 | D:3      | Gained mutation: A meltable shield of frost defends you.
                  | (SH +0) [demonic ancestry]
  1421 | D:3      | Reached XP level 3. HP: 29/29 MP: 3/3
  1726 | D:3      | Reached skill level 3 in Axes
  1726 | D:3      | Gained mutation: A meltable icy envelope protects you from
                  | harm. (AC +0) [demonic ancestry]
  1726 | D:3      | Reached XP level 4. HP: 30/36 MP: 4/4
  1876 | D:4      | Noticed a scorpion
  1893 | D:3      | Killed a scorpion
  1894 | D:3      | Reached skill level 4 in Axes
  1894 | D:3      | Gained mutation: You have sharp fingernails. [demonic
                  | ancestry]
  1894 | D:3      | Reached XP level 5. HP: 11/42 MP: 5/5
  2031 | D:4      | Noticed a sky beast
  2060 | D:4      | Killed a sky beast
  2098 | D:4      | Found an iron altar of Okawaru.
  2140 | D:4      | Reached XP level 6. HP: 41/48 MP: 6/6
  2206 | D:4      | Reached skill level 5 in Axes
  2668 | D:4      | Reached XP level 7. HP: 40/55 MP: 7/7
  2671 | D:4      | Reached skill level 6 in Axes
  2819 | D:4      | Found a one-way gate to the infinite horrors of the Abyss.
  2820 | D:4      | Found a corrupted altar of Lugonu.
  3061 | D:5      | Entered Level 5 of the Dungeon
  3264 | D:5      | Reached skill level 5 in Fighting
  3333 | D:5      | Noticed a wyvern
  3347 | D:5      | Killed a wyvern
  3348 | D:5      | Reached skill level 7 in Axes
  3437 | D:5      | Found a glowing drain.
  3451 | D:5      | Found a staircase to the Ecumenical Temple.
  3471 | Temple   | Found a transporter.
  3471 | Temple   | Found a transporter.
  3471 | Temple   | Found a transporter.
  3471 | Temple   | Found a transporter.
  3471 | Temple   | Entered the Ecumenical Temple
  3484 | Temple   | Became a worshipper of Ru the Awakened
  3523 | Sewer    | Entered a sewer
  3567 | Sewer    | Reached XP level 8. HP: 56/63 MP: 6/8
  3591 | Sewer    | Noticed Pargi
  3614 | Sewer    | Killed Pargi
  3803 | D:5      | Reached skill level 8 in Axes
  4640 | D:6      | Gained mutation: You are frail. (-10% HP) [Ru sacrifice]
  4640 | D:6      | Reached * piety under Ru
  4703 | D:6      | Reached skill level 9 in Axes
  5530 | D:6      | Reached XP level 9. HP: 46/60 MP: 9/9
  5733 | D:8      | Noticed an orange demon
  5735 | D:8      | Noticed Amaemon
  5809 | D:8      | Killed an orange demon
  5810 | D:8      | Reached skill level 10 in Axes
  6132 | D:8      | Found a flagged portal.
  6139 | Bailey   | Entered a bailey
  6194 | Bailey   | Reached skill level 11 in Axes
  6305 | Bailey   | Gained mutation: You cannot study or cast Ice magic. [Ru
                  | sacrifice]
  6305 | Bailey   | Gained mutation: You cannot study or cast Alchemy magic.
                  | [Ru sacrifice]
  6305 | Bailey   | Gained mutation: You cannot study or cast Summoning magic.
                  | [Ru sacrifice]
  6305 | Bailey   | Reached ** piety under Ru
  6327 | Bailey   | Noticed an orc warlord
  6345 | Bailey   | Killed an orc warlord
  6346 | Bailey   | Reached XP level 10. HP: 72/72 MP: 10/10
  6419 | Bailey   | Acquired 786 gold pieces
  7011 | D:9      | Noticed Maggie
  7014 | D:9      | Reached skill level 12 in Axes
  7020 | D:9      | Killed Maggie
  7102 | D:9      | Found a radiant altar of Vehumet.
  7147 | D:9      | Noticed a two-headed ogre
  7155 | D:9      | Killed a two-headed ogre
  7326 | D:9      | Noticed Erica
  7332 | D:10     | Entered Level 10 of the Dungeon
  7367 | D:10     | Reached skill level 13 in Axes
  7464 | D:10     | Noticed a two-headed ogre
  7473 | D:10     | Killed a two-headed ogre
  7543 | D:10     | Gained mutation: You may rarely emit foul miasma when
                  | damaged in melee. [demonic ancestry]
  7543 | D:10     | Reached XP level 11. HP: 71/80 MP: 11/11
  7722 | D:10     | Noticed a two-headed ogre
  7727 | D:10     | Killed a two-headed ogre
  8104 | D:11     | Found a staircase to the Lair.
  8153 | D:11     | Reached skill level 10 in Fighting
  8177 | D:11     | Found Tyutush's Weapon Emporium.
  8259 | D:11     | Noticed a two-headed ogre
  8265 | D:11     | Killed a two-headed ogre
  8429 | D:11     | Gained mutation: You cannot voluntarily change form. [Ru
                  | sacrifice]
  8429 | D:11     | Reached *** piety under Ru
  8610 | Lair:1   | Entered Level 1 of the Lair of Beasts
  8615 | Lair:1   | Reached skill level 14 in Axes
  8655 | Lair:1   | Noticed a death yak
  8656 | Lair:1   | Noticed a death yak
  8656 | Lair:1   | Noticed a death yak
  8949 | D:11     | Killed a death yak
  9073 | D:12     | Noticed Snorg
  9077 | D:12     | Killed Snorg
  9094 | D:12     | Identified the +1 plate armour "Havuit" {Regen+ Int+7}
  9277 | D:13     | Noticed a green ugly thing
  9286 | D:13     | Killed a green ugly thing
  9287 | D:13     | Reached skill level 15 in Axes
  9287 | D:13     | Gained mutation: You have very sharp fingernails. [demonic
                  | ancestry]
  9287 | D:13     | Reached XP level 12. HP: 90/90 MP: 12/12
  9369 | D:13     | Noticed a two-headed ogre
  9373 | D:13     | Killed a two-headed ogre
  9423 | D:13     | Noticed a boulder beetle
  9439 | D:13     | Killed a boulder beetle
  9506 | D:13     | Noticed Kirke
  9540 | D:13     | Killed Kirke
  9609 | D:13     | Gained mutation: You have a somewhat thin skeletal
                  | structure. (Dex +2, Stealth+) [potion of mutation]
  9609 | D:13     | Gained mutation: Your muscles are strong. (Str +4, Int/Dex
                  | -1) [potion of mutation]
  9609 | D:13     | Gained mutation: You passively map a small area around you.
                  | [potion of mutation]
 10012 | D:13     | Noticed a boulder beetle
 10022 | D:13     | Killed a boulder beetle
 10124 | D:13     | Reached skill level 16 in Axes
 10285 | D:14     | Found a shadowy altar of Dithmenos.
 10330 | D:14     | Noticed a centaur warrior
 10347 | D:14     | Killed a centaur warrior
 10415 | D:14     | Noticed Lodul
 10423 | D:14     | HP: 5/138 [poisoned by an orange demon]
 10424 | D:14     | Mangled by an orange demon

Illustrated notes

Levels and vault maps discovered:
D:1:      grunt_arrival_lava_bath, layout_basic,
          shapermc_ecumenical_altar_mp_ritualfount, nicolae_figureground_sparkle
D:2:      layout_rooms
D:3:      layout_basic, nicolae_overflow_squiral, serial_shops, shop
D:4:      minmay_octagon_keep, layout_cave_pools, kennysheep_little_box,
          amcnicky_altar_lugonu_corruption
D:5:      layout_basic, minmay_temple_entry_arrows, portal_sewer_entry_a
D:6:      layout_loops_cross
D:7:      layout_loops_cross
D:8:      kennysheep_blocky_hall, layout_layer_cave, zin_angel, enter_bailey_2,
          uniq_amaemon
D:9:      layout_rooms, nicolae_wu_jian_immortal_techniques,
          mainiacjoe_overflow_six_doors_small,
          nicolae_hepliaklqana_monster_ancestors, uniq_erica, uniq_maggie
D:10:     layout_rooms
D:11:     layout_cross, lair_entry_dummy, serial_shops, shop,
          nicolae_elyvilon_peaceful_grove
D:12:     layout_basic, orc_0_dummy, chequers_serial_rivers_marsh,
          feat_on_display, uniq_josephine, uniq_snorg
D:13:     layout_roguey, minmay_misc_feat_square, uniq_kirke
D:14:     layout_loops_ring, skrybe_vaults_entry_preservation,
          nicolae_trove_entry_crossroad, grunt_dithmenos_smoke_and_mirrors,
          serial_demonic, serial_demonic_e, serial_demonic_g, serial_demonic_c,
          serial_demonic_d, serial_shops, shop_fountains, uniq_lodul
Temple:   hellmonk_temple_divided_pantheon
Lair:1:   layout_concentric_octagons, special_room [special_room_bee]

Skill      XL: |  1  2  3  4  5  6  7  8  9 10 11 12 |
---------------+-------------------------------------+-----
Axes           | 2 3 4 5 7 9 11 13 15 16 | 16.3
Armour         | 3 |  3.0
Shields        | 3 |  3.0
Fighting       | 4 5 6 8 9 11 12 | 12.7

Action                     |  1- 3 |  4- 6 |  7- 9 | 10-12 || total
---------------------------+-------+-------+-------+-------++-------
  Melee: War axe           |   104 |   117 |   325 |   276 ||   822
         Unarmed           |       |       |       |    13 ||    13
  Throw: Throwing net      |       |     1 |       |       ||     1
         Dart              |       |       |       |    15 ||    15
 Invoke: Sacrifice Health  |       |       |     1 |       ||     1
         Sacrifice Arcana  |       |       |     1 |       ||     1
         Sacrifice Forms   |       |       |       |     1 ||     1
  Evoke: Box of beasts     |       |       |       |     1 ||     1
    Use: Potion            |       |     4 |     3 |     6 ||    13
         Scroll            |       |       |     5 |    22 ||    27
   Stab: Sleeping          |       |       |     3 |     1 ||     4
         Distracted        |       |       |       |     1 ||     1
         Invisible         |       |       |       |     1 ||     1
 Armour: Scale mail        |    60 |   104 |   120 |       ||   284
         Troll leather arm |       |       |   143 |   155 ||   298
         Plate armour      |       |       |       |    94 ||    94
         Skin              |       |       |       |    24 ||    24
  Dodge: Dodged            |    35 |    34 |   150 |   113 ||   332
  Block: Buckler           |    31 |    47 |   196 |   118 ||   392
         Other             |       |       |       |     5 ||     5

Table legend: (Time is in decaauts)
 A = Elapsed time spent in this place.
 B = Non-inter-level travel time spent in this place.
 C = Inter-level travel time spent in this place.
 D = Time resting spent in this place.
 E = Time spent auto-exploring this place.
 F = Levels seen in this place.
 G = Mean time per level.
                   A        B        C        D        E       F      G
               +--------+--------+--------+--------+--------+-----+--------+
         Total |  10681 |  10214 |    467 |   1623 |   5224 |  18 |  593.4 |
       Dungeon |   9721 |   9263 |    458 |   1470 |   5035 |  14 |  694.4 |
        Temple |     27 |     18 |      9 |      0 |      0 |   1 |   27.0 |
          Lair |    339 |    339 |      0 |     32 |    112 |   1 |  339.0 |
         Sewer |    251 |    251 |      0 |     93 |     24 |   1 |  251.0 |
        Bailey |    341 |    341 |      0 |     28 |     53 |   1 |  341.0 |
               +--------+--------+--------+--------+--------+-----+--------+

Top non-repeatable levels by time:
     D:4: 1172 daAuts
    D:13: 1126 daAuts
     D:5: 932 daAuts
     D:1: 907 daAuts
     D:8: 791 daAuts
    D:10: 784 daAuts
     D:7: 782 daAuts
     D:3: 682 daAuts
     D:6: 655 daAuts
    D:11: 607 daAuts
     D:9: 514 daAuts
     D:2: 473 daAuts
  Bailey: 341 daAuts
  Lair:1: 339 daAuts
   Sewer: 251 daAuts
